AAA EAST
BUFFALO BISONS @ NASHVILLE SOUNDS
04/06/2042
 
TOP OF THE 1ST
Buffalo Bisons batting - Pitching for Nashville Sounds : RHP Luis Sánchez
Pitching: RHP Luis Sánchez
Batting: RHB Chris Smith 0-0: Called Strike
0-1: Foul Ball, location: 2F
0-2: Strikes out looking
Batting: SHB Eustachio Tucci 0-0: Ball
1-0: Called Strike
1-1: Ball
2-1: Called Strike
2-2: Strikes out swinging
Batting: RHB Sean Harris 0-0: Ball
1-0: Called Strike
1-1: Foul Ball, location: 25F
1-2: Strikes out swinging
Top of the 1st over - 0 runs, 0 hits, 0 errors, 0 left on base; Buffalo 0 - Nashville 0
BOTTOM OF THE 1ST
Nashville Sounds batting - Pitching for Buffalo Bisons : RHP Bob Lucas
Pitching: RHP Bob Lucas
Batting: RHB Dan Thompson 0-0: Swinging Strike
0-1: Foul Ball, location: 7LSF
0-2: Strikes out swinging
Batting: LHB Jorge Peralas 0-0: Foul Ball, location: 5F
0-1: Ball
1-1: Swinging Strike
1-2: Strikes out swinging
Batting: LHB Juan Bruno 0-0: Called Strike
0-1: Ball
1-1: Ball
2-1: Called Strike
2-2: Foul Ball, location: 2F
2-2: Foul Ball, location: 7LDF
2-2: Ball
3-2: Foul Ball, location: 5FF
3-2: Strikes out swinging
Bottom of the 1st over - 0 runs, 0 hits, 0 errors, 0 left on base; Buffalo 0 - Nashville 0
TOP OF THE 2ND
Buffalo Bisons batting - Pitching for Nashville Sounds : RHP Luis Sánchez
Batting: LHB Albert Hernández 0-0: Ball
1-0: Ball
2-0: Called Strike
2-1: Ground out U3 (Groundball, 3, EV 100.6 MPH)
Batting: RHB Xavier Gómez 0-0: Called Strike
0-1: Swinging Strike
0-2: Ball
1-2: Strikes out looking
Batting: RHB Bob Robinson 0-0: Ball
1-0: Fly out, F9 (Flyball, 9, EV 90.6 MPH)
Top of the 2nd over - 0 runs, 0 hits, 0 errors, 0 left on base; Buffalo 0 - Nashville 0
BOTTOM OF THE 2ND
Nashville Sounds batting - Pitching for Buffalo Bisons : RHP Bob Lucas
Batting: LHB Clement Santegoeds 0-0: Ball
1-0: Ball
2-0: Ball
3-0: Called Strike
3-1: Base on Balls
Batting: SHB Wes Martin 0-0: Ball
1-0: Ball
2-0: Called Strike
2-1: Ball
3-1: Fly out, F2 (Popup, 2RF, EV 86.3 MPH)
Batting: LHB Greg Tarter 0-0: Called Strike
0-1: Ball
1-1: Swinging Strike
1-2: Strikes out looking
Batting: RHB Steve Jobson 0-0: Ball
1-0: Ball
2-0: Ball
3-0: Base on Balls
Clement Santegoeds to second
Batting: LHB José Flores 0-0: Foul Ball, location: 7LSF
0-1: Foul Ball, location: 2F
0-2: Ball
1-2: Ground out U3 (Groundball, 34, EV 86.9 MPH)
Bottom of the 2nd over - 0 runs, 0 hits, 0 errors, 2 left on base; Buffalo 0 - Nashville 0
TOP OF THE 3RD
Buffalo Bisons batting - Pitching for Nashville Sounds : RHP Luis Sánchez
Batting: LHB Walt Ramsey 0-0: Foul Ball, location: 7LSF
0-1: Ball
1-1: Ball
2-1: Bunt missed!
2-2: Ground out 5-3 (Groundball, 56S, EV 88.1 MPH)
Batting: RHB Tim Burns 0-0: Swinging Strike
0-1: Foul Ball, location: 9LMF
0-2: Foul Ball, location: 3FF
0-2: Ball
1-2: Strikes out swinging
Batting: LHB José Castro 0-0: Ball
1-0: Ball
2-0: Ball
3-0: Called Strike
3-1: Swinging Strike
3-2: SINGLE (Line Drive, 78S, EV 101.3 MPH)
Batting: RHB Chris Smith 0-0: Called Strike
0-1: SINGLE (Line Drive, 89S, EV 96.9 MPH)
José Castro to second
Runner from 2nd tries for 3rd, SAFE, throw by CF made to third
Batting: SHB Eustachio Tucci 0-0: Called Strike
0-1: Called Strike
0-2: Foul Ball, location: 2F
0-2: Ball
1-2: Ball
2-2: Ball
3-2: Base on Balls
Chris Smith to second
Batting: RHB Sean Harris 0-0: Ball
1-0: Called Strike
1-1: Ball
2-1: Called Strike
2-2: Foul Ball, location: 2F
2-2: SINGLE (Line Drive, 89S, EV 101.9 MPH)
José Castro scores
Chris Smith to third
Eustachio Tucci to second
Runner from 3rd tries for Home, SAFE, throw by RF to home
Batting: LHB Albert Hernández 0-0: Ball
1-0: Fly out, F8 (Flyball, 8RXD, EV 109.4 MPH)
Top of the 3rd over - 2 runs, 3 hits, 0 errors, 2 left on base; Buffalo 2 - Nashville 0
BOTTOM OF THE 3RD
Nashville Sounds batting - Pitching for Buffalo Bisons : RHP Bob Lucas
Batting: RHB Orlando Morán 0-0: Swinging Strike
0-1: Ball
1-1: Ball
2-1: Ground out 6-3 (Groundball, 6, EV 100.0 MPH)
Batting: RHB Dan Thompson 0-0: Fly out, F9 (Flyball, 89XD, EV 89.4 MPH)
Batting: LHB Jorge Peralas 0-0: SINGLE (Line Drive, 4MD, EV 107.5 MPH)
Batting: LHB Juan Bruno 0-0: Called Strike
0-1: Ball
1-1: 2-RUN HOME RUN (Line Drive, 89XD, EV 99.4 MPH), Distance : 390 ft
Batting: LHB Clement Santegoeds 0-0: Ball
1-0: Ball
2-0: Called Strike
2-1: Ball
3-1: Foul Ball, location: 2F
3-2: Fly out, F9 (Flyball, 9LD, EV 88.8 MPH)
Bottom of the 3rd over - 2 runs, 2 hits, 0 errors, 0 left on base; Buffalo 2 - Nashville 2
TOP OF THE 4TH
Buffalo Bisons batting - Pitching for Nashville Sounds : RHP Luis Sánchez
Batting: RHB Xavier Gómez 0-0: Ball
1-0: Foul Ball, location: 9LDF
1-1: Fly out, F9 (Flyball, 89M, EV 81.9 MPH)
Batting: RHB Bob Robinson 0-0: Foul Ball, location: 3F
0-1: Ball
1-1: Called Strike
1-2: Ball
2-2: Strikes out swinging
Batting: LHB Walt Ramsey 0-0: Ground out 6-3 (Groundball, 6M, EV 81.9 MPH)
Top of the 4th over - 0 runs, 0 hits, 0 errors, 0 left on base; Buffalo 2 - Nashville 2
BOTTOM OF THE 4TH
Nashville Sounds batting - Pitching for Buffalo Bisons : RHP Bob Lucas
Batting: SHB Wes Martin 0-0: Ball
1-0: DOUBLE (Flyball, 89XD, EV 95.0 MPH)
Batting: LHB Greg Tarter 0-0: Ball
1-0: Ball
2-0: Ground out U3 (Groundball, 3, EV 90.0 MPH)
Wes Martin to third
Batting: RHB Steve Jobson 0-0: Fly out, F4 (Popup, 4D, EV 65.0 MPH)
Batting: LHB José Flores 0-0: Called Strike
0-1: Called Strike
0-2: Ball
1-2: Ball
2-2: Strikes out swinging
Bottom of the 4th over - 0 runs, 1 hit, 0 errors, 1 left on base; Buffalo 2 - Nashville 2
TOP OF THE 5TH
Buffalo Bisons batting - Pitching for Nashville Sounds : RHP Luis Sánchez
Batting: RHB Tim Burns 0-0: Ball
1-0: Ball
2-0: Ground out 6-3 (Groundball, P, EV 87.5 MPH)
Batting: LHB José Castro 0-0: Called Strike
0-1: Ball
1-1: Swinging Strike
1-2: Foul Ball, location: 2F
1-2: Ball
2-2: Ball
3-2: Ground out 6-3 (Groundball, 6MS, EV 88.8 MPH)
Batting: RHB Chris Smith 0-0: Foul Ball, location: 5FF
0-1: Ball
1-1: Foul Ball, location: 2F
1-2: Ball
2-2: Strikes out swinging
Top of the 5th over - 0 runs, 0 hits, 0 errors, 0 left on base; Buffalo 2 - Nashville 2
BOTTOM OF THE 5TH
Nashville Sounds batting - Pitching for Buffalo Bisons : RHP Bob Lucas
Batting: RHB Orlando Morán 0-0: Ball
1-0: Called Strike
1-1: Ball
2-1: Called Strike
2-2: Strikes out looking
Batting: RHB Dan Thompson 0-0: Ball
1-0: Called Strike
1-1: Swinging Strike
1-2: Ball
2-2: Strikes out swinging
Batting: LHB Jorge Peralas 0-0: Ball
1-0: Ball
2-0: Called Strike
2-1: Swinging Strike
2-2: DOUBLE (Line Drive, 9LM, EV 88.1 MPH)
Batting: LHB Juan Bruno 0-0: Called Strike
0-1: Ground out 4-3 (Groundball, 4, EV 108.8 MPH)
Bottom of the 5th over - 0 runs, 1 hit, 0 errors, 1 left on base; Buffalo 2 - Nashville 2
TOP OF THE 6TH
Buffalo Bisons batting - Pitching for Nashville Sounds : RHP Luis Sánchez
Batting: SHB Eustachio Tucci 0-0: Ball
1-0: Called Strike
1-1: Swinging Strike
1-2: Foul Ball, location: 3F
1-2: Foul Ball, location: 9LDF
1-2: Ball
2-2: Strikes out swinging
Batting: RHB Sean Harris 0-0: Called Strike
0-1: Ball
1-1: Called Strike
1-2: Ground out U3 (Groundball, 34, EV 102.5 MPH)
Batting: LHB Albert Hernández 0-0: Ball
1-0: Called Strike
1-1: Ball
2-1: Swinging Strike
2-2: Ball
3-2: DOUBLE (Flyball, 78XD, EV 97.5 MPH)
Pitching: RHP Arturo Acevedo
Batting: RHB Xavier Gómez 0-0: Ball
1-0: Foul Ball, location: 2F
1-1: Ground out 6-3 (Groundball, 6M, EV 81.3 MPH)
Top of the 6th over - 0 runs, 1 hit, 0 errors, 1 left on base; Buffalo 2 - Nashville 2
BOTTOM OF THE 6TH
Nashville Sounds batting - Pitching for Buffalo Bisons : RHP Bob Lucas
Batting: LHB Clement Santegoeds 0-0: Ball
1-0: Ball
2-0: Ball
3-0: Base on Balls
Batting: SHB Wes Martin 0-0: Called Strike
0-1: Swinging Strike
0-2: Strikes out looking
Batting: LHB Greg Tarter 0-0: Ball
1-0: Ball
2-0: Ball
Wild Pitch!
Clement Santegoeds to second
3-0: Called Strike
3-1: Called Strike
3-2: Strikes out swinging
Batting: RHB Steve Jobson 0-0: Called Strike
0-1: Foul Ball, location: 2F
0-2: Fly out, F3 (Popup, 34, EV 71.9 MPH)
Bottom of the 6th over - 0 runs, 0 hits, 0 errors, 1 left on base; Buffalo 2 - Nashville 2
TOP OF THE 7TH
Buffalo Bisons batting - Pitching for Nashville Sounds : RHP Arturo Acevedo
Batting: RHB Bob Robinson 0-0: Ball
1-0: Swinging Strike
1-1: Swinging Strike
1-2: Strikes out swinging
Batting: LHB Walt Ramsey 0-0: Ball
1-0: Called Strike
1-1: Foul Ball, location: 3F
1-2: Foul Ball, location: 7LMF
1-2: DOUBLE (Line Drive, 5D, EV 110.0 MPH)
Batting: RHB Tim Burns 0-0: Called Strike
0-1: Fly out, F6 (Popup, 6M, EV 52.5 MPH)
Batting: LHB José Castro 0-0: Swinging Strike
0-1: Swinging Strike
0-2: Strikes out swinging
Top of the 7th over - 0 runs, 1 hit, 0 errors, 1 left on base; Buffalo 2 - Nashville 2
BOTTOM OF THE 7TH
Nashville Sounds batting - Pitching for Buffalo Bisons : RHP Bob Lucas
Batting: LHB José Flores 0-0: Ball
1-0: Foul Ball, location: 2F
1-1: Ball
2-1: Ground out 6-3 (Groundball, 6M, EV 76.9 MPH)
Pitching: RHP Tim Shaw
Batting: RHB Orlando Morán 0-0: Ball
1-0: DOUBLE (Line Drive, 78D, EV 103.8 MPH)
Batting: RHB Dan Thompson 0-0: Ball
1-0: Swinging Strike
1-1: Ball
2-1: Called Strike
2-2: Foul Ball, location: 2F
2-2: SINGLE (Line Drive, 5D, EV 95.0 MPH)
Orlando Morán to third
Runner from 3rd tries for Home, throw by LF and OUT! 7-2
Batting: LHB Jorge Peralas 0-0: Ball
1-0: Ball
2-0: Called Strike
2-1: Foul Ball, location: 2F
2-2: Ball
3-2: Fly out, F9 (Flyball, 9S, EV 91.3 MPH)
Bottom of the 7th over - 0 runs, 2 hits, 0 errors, 1 left on base; Buffalo 2 - Nashville 2
TOP OF THE 8TH
Buffalo Bisons batting - Pitching for Nashville Sounds : RHP Arturo Acevedo
Batting: RHB Chris Smith 0-0: Ball
1-0: Ball
2-0: Ball
3-0: Base on Balls
Batting: SHB Eustachio Tucci 0-0: Fly out, F9 (Line Drive, 9D, EV 98.8 MPH)
Batting: RHB Sean Harris 0-0: Foul Ball, location: 2F
0-1: Called Strike
0-2: Foul Ball, location: 2F
0-2: Ball
1-2: Ball
2-2: 2-RUN HOME RUN (Flyball, 78XD, EV 100.6 MPH), Distance : 399 ft
Pitching: LHP Arturo Cisneros
Pinch Hitting: SHB Jim Harris 0-0: Ball
1-0: Fly out, F3 (Popup, 23F, EV 87.5 MPH)
Batting: RHB Xavier Gómez 0-0: Called Strike
0-1: Called Strike
0-2: Strikes out swinging
Top of the 8th over - 2 runs, 1 hit, 0 errors, 0 left on base; Buffalo 4 - Nashville 2
BOTTOM OF THE 8TH
Nashville Sounds batting - Pitching for Buffalo Bisons : RHP Tim Shaw
Now in RF: Ty Davis
Batting: LHB Juan Bruno 0-0: Called Strike
0-1: Ball
1-1: Hit by Pitch
Pitching: LHP Joaquín Alfaro
Batting: LHB Clement Santegoeds 0-0: Ball
1-0: Swinging Strike
1-1: Foul Ball, location: 2F
1-2: Ball
2-2: Strikes out looking
Batting: SHB Wes Martin 0-0: Ball
1-0: Fly out, F9 (Flyball, 9D, EV 81.3 MPH)
Batting: RHB Pat O'Brian 0-0: Ball
1-0: Foul Ball, location: 2F
1-1: Ball
2-1: TRIPLE (Flyball, 9LD, EV 110.6 MPH)
Juan Bruno scores
Batting: RHB Steve Jobson 0-0: Ball
1-0: Fly out, F8 (Flyball, 8LM, EV 76.9 MPH)
Bottom of the 8th over - 1 run, 1 hit, 0 errors, 1 left on base; Buffalo 4 - Nashville 3
TOP OF THE 9TH
Buffalo Bisons batting - Pitching for Nashville Sounds : LHP Arturo Cisneros
Pitching: RHP Orlando Vargas
Batting: RHB Bob Robinson 0-0: Foul Ball, location: 2F
0-1: Ball
1-1: SINGLE (Line Drive, 6M, EV 104.4 MPH)
Batting: LHB Walt Ramsey 0-0: Sac Bunt to 5S - play at first, batter OUT! 5-3
Bob Robinson to second
Batting: RHB Tim Burns 0-0: Foul Ball, location: 2F
0-1: Foul Ball, location: 2RF
0-2: Ball
1-2: Foul Ball, location: 5F
1-2: Ball
2-2: Strikes out looking
Batting: LHB José Castro 0-0: Ball
1-0: Swinging Strike
1-1: Foul Ball, location: 2F
1-2: Foul Ball, location: 3F
1-2: Ball
2-2: Foul Ball, location: 7LMF
2-2: Foul Ball, location: 2F
2-2: Strikes out swinging
Top of the 9th over - 0 runs, 1 hit, 0 errors, 1 left on base; Buffalo 4 - Nashville 3
BOTTOM OF THE 9TH
Nashville Sounds batting - Pitching for Buffalo Bisons : LHP Joaquín Alfaro
Pitching: RHP Robbie Good
Batting: LHB José Flores 0-0: Ball
1-0: Called Strike
1-1: Foul Ball, location: 2F
1-2: Foul Ball, location: 3FF
1-2: Foul Ball, location: 2F
1-2: Foul Ball, location: 2F
1-2: Ball
2-2: Strikes out swinging
Pinch Hitting: LHB Bob Daniel 0-0: Foul Ball, location: 5SF
0-1: Foul Ball, location: 3F
0-2: Foul Ball, location: 2F
0-2: Ball
1-2: Strikes out swinging
Batting: RHB Dan Thompson 0-0: Called Strike
0-1: Called Strike
0-2: Ball
1-2: Foul Ball, location: 25F
1-2: Ground out 2-3 (Groundball, 2L, EV 73.8 MPH)
Bottom of the 9th over - 0 runs, 0 hits, 0 errors, 0 left on base; Buffalo 4 - Nashville 3
Friday, May 3rd , 2024 - OOTP Baseball 24.10 Build 82